ORI
UNIVERSITY OF VIRGINIA CAVALIERS @ UNIVERSITY OF FLORIDA GATORS
10/10/2044
 
TOP OF THE 1ST
University of Virginia Cavaliers batting - Pitching for University of Florida Gators : RHP Jesse Clark
Pitching: RHP Jesse Clark
Batting: RHB Rohit Gadhavi 0-0: Swinging Strike
0-1: Fly out, F7 (Flyball, 7S, EV 87.5 MPH)
Batting: RHB Kevin Steed 0-0: Ball
1-0: Ball
2-0: Ball
3-0: Called Strike
3-1: Called Strike
3-2: Fly out, F8 (Flyball, 8LD, EV 93.1 MPH)
Batting: LHB Sean Banks 0-0: Foul Ball, location: 2F
0-1: Foul Ball, location: 2F
0-2: Ball
1-2: Foul Ball, location: 2F
1-2: DOUBLE (Groundball, 3L, EV 96.3 MPH)
Batting: RHB Arnaud Derosiers 0-0: Called Strike
0-1: Ball
1-1: Ball
2-1: SINGLE (Flyball, 56D, EV 86.9 MPH)
Sean Banks to third
Runner from 3rd tries for Home, SAFE, throw by LF to home
Batting: RHB Adam Dudek 0-0: Ball
1-0: SINGLE (Line Drive, 9S, EV 98.1 MPH)
Arnaud Derosiers to second
Batting: SHB Eric Kelley 0-0: Ball
1-0: Ball
2-0: Ball
3-0: Called Strike
3-1: Swinging Strike
3-2: Foul Ball, location: 2F
3-2: Foul Ball, location: 2F
3-2: Ground out 1-3 (Groundball, 23, EV 75.0 MPH)
Top of the 1st over - 1 run, 3 hits, 0 errors, 2 left on base; University of Virginia 1 - University of Florida 0
BOTTOM OF THE 1ST
University of Florida Gators batting - Pitching for University of Virginia Cavaliers : LHP Maurice Otte
Pitching: LHP Maurice Otte
Batting: LHB Andy Buschlen 0-0: Ball
1-0: Called Strike
1-1: Ball
2-1: Ball
3-1: Base on Balls
Batting: SHB Sun-wei Ng 0-0: Ball
1-0: Ball
2-0: Swinging Strike
2-1: Ball
3-1: Foul Ball, location: 2F
3-2: SINGLE (Line Drive, 8RS, EV 103.8 MPH)
Andy Buschlen to second
Batting: RHB Jorge Lagunas 0-0: Swinging Strike
0-1: Ball
1-1: Ball
2-1: Foul Ball, location: 2F
2-2: Strikes out looking
Batting: LHB Tomas Espino 0-0: Called Strike
Andy Buschlen steals 3rd base
0-1: Fly out, F7 (Flyball, 7D, EV 93.1 MPH)
Runner from 3rd tags up, SCORES, no throw by LF
Batting: SHB Edgar Dominguez 0-0: Fly out, F9 (Flyball, 9S, EV 88.1 MPH)
Bottom of the 1st over - 1 run, 1 hit, 0 errors, 1 left on base; University of Virginia 1 - University of Florida 1
TOP OF THE 2ND
University of Virginia Cavaliers batting - Pitching for University of Florida Gators : RHP Jesse Clark
Batting: RHB Matt Peddle 0-0: Called Strike
0-1: Foul Ball, location: 2F
0-2: Strikes out swinging
Batting: RHB Matt Sobolewski 0-0: Ground out 6-3 (Groundball, 6, EV 79.4 MPH)
Batting: RHB Gabe Secundino 0-0: Foul Ball, location: 2F
0-1: Ball
1-1: Fly out, F6 (Line Drive, 6, EV 72.5 MPH)
Top of the 2nd over - 0 runs, 0 hits, 0 errors, 0 left on base; University of Virginia 1 - University of Florida 1
BOTTOM OF THE 2ND
University of Florida Gators batting - Pitching for University of Virginia Cavaliers : LHP Maurice Otte
Batting: RHB Alejandro Gomez 0-0: Single, Error in OF, E7, batter to second base (Line Drive, 7S, EV 99.4 MPH)
Batting: RHB Eddie Luna 0-0: Foul Ball, location: 2F
0-1: Ball
1-1: Ball
2-1: Ball
3-1: Base on Balls
Batting: LHB Carlos Palau 0-0: Called Strike
0-1: Fielders Choice at 2nd, 3-6 (Groundball, 3, EV 79.4 MPH)
Alejandro Gomez to third
Batting: SHB Milt Andrews 0-0: Called Strike
0-1: Ball
1-1: Ball
2-1: Swinging Strike
2-2: Fielders Choice at 2nd, 4-6 (Groundball, 4, EV 76.3 MPH)
Alejandro Gomez scores
Batting: LHB Andy Buschlen 0-0: Ball
1-0: Ball
2-0: Foul Ball, location: 2F
2-1: Ball
3-1: Base on Balls
Milt Andrews to second
Batting: SHB Sun-wei Ng 0-0: Ball
1-0: Called Strike
1-1: Ball
2-1: Swinging Strike
2-2: Fielders Choice at 2nd, 5-4 (Groundball, 56, EV 79.4 MPH)
Bottom of the 2nd over - 1 run, 1 hit, 1 error, 2 left on base; University of Virginia 1 - University of Florida 2
TOP OF THE 3RD
University of Virginia Cavaliers batting - Pitching for University of Florida Gators : RHP Jesse Clark
Batting: RHB Rohit Gadhavi 0-0: Foul Ball, location: 2F
0-1: Ground out U3 (Groundball, 34S, EV 66.9 MPH)
Batting: RHB Kevin Steed 0-0: Ball
1-0: Called Strike
1-1: Foul Ball, location: 2F
1-2: Foul Ball, location: 2F
1-2: Ball
2-2: SINGLE (Groundball, 25, EV 67.5 MPH) (infield hit)
Batting: LHB Sean Banks 0-0: Swinging Strike
0-1: Ball
1-1: Ball
2-1: Called Strike
2-2: Strikes out swinging
Batting: RHB Arnaud Derosiers 0-0: Called Strike
0-1: Called Strike
0-2: Foul Ball, location: 2F
0-2: Ball
1-2: Foul Ball, location: 2F
1-2: Ball
2-2: Ground out U3 (Groundball, 34S, EV 88.8 MPH)
Top of the 3rd over - 0 runs, 1 hit, 0 errors, 1 left on base; University of Virginia 1 - University of Florida 2
BOTTOM OF THE 3RD
University of Florida Gators batting - Pitching for University of Virginia Cavaliers : LHP Maurice Otte
Batting: RHB Jorge Lagunas 0-0: Ball
1-0: SINGLE (Groundball, 56D, EV 98.8 MPH)
Batting: LHB Tomas Espino 0-0: Swinging Strike
0-1: Fly out, F8 (Flyball, 8RD, EV 95.6 MPH)
Batting: SHB Edgar Dominguez 0-0: Called Strike
0-1: Grounds into double play, 6-4-3 (Groundball, 6, EV 88.8 MPH)
Bottom of the 3rd over - 0 runs, 1 hit, 0 errors, 0 left on base; University of Virginia 1 - University of Florida 2
TOP OF THE 4TH
University of Virginia Cavaliers batting - Pitching for University of Florida Gators : RHP Jesse Clark
Batting: RHB Adam Dudek 0-0: Ball
1-0: Ball
2-0: Ground out 6-3 (Groundball, 6, EV 91.9 MPH)
Batting: SHB Eric Kelley 0-0: Called Strike
0-1: Fly out, F8 (Flyball, 8RD, EV 106.3 MPH)
Batting: RHB Matt Peddle 0-0: Ball
1-0: Foul Ball, location: 2F
1-1: Foul Ball, location: 2F
1-2: Ball
2-2: Fly out, F4 (Line Drive, 4, EV 72.5 MPH)
Top of the 4th over - 0 runs, 0 hits, 0 errors, 0 left on base; University of Virginia 1 - University of Florida 2
BOTTOM OF THE 4TH
University of Florida Gators batting - Pitching for University of Virginia Cavaliers : LHP Maurice Otte
Batting: RHB Alejandro Gomez 0-0: SINGLE (Line Drive, 7S, EV 104.4 MPH)
Batting: RHB Eddie Luna 0-0: Called Strike
0-1: Fly out, F7 (Flyball, 7LS, EV 98.1 MPH)
Batting: LHB Carlos Palau 0-0: Called Strike
0-1: Ball
1-1: Foul Ball, location: 2F
1-2: Foul Ball, location: 2F
1-2: Fielders Choice at 2nd, 4-6 (Groundball, 4, EV 98.1 MPH)
Batting: SHB Milt Andrews 0-0: Called Strike
0-1: Called Strike
0-2: Ball
1-2: Foul Ball, location: 2F
1-2: Ball
2-2: Ground out 4-3 (Groundball, 4, EV 83.8 MPH)
Bottom of the 4th over - 0 runs, 1 hit, 0 errors, 1 left on base; University of Virginia 1 - University of Florida 2
TOP OF THE 5TH
University of Virginia Cavaliers batting - Pitching for University of Florida Gators : RHP Jesse Clark
Batting: RHB Matt Sobolewski 0-0: Foul Ball, location: 2F
0-1: Ball
1-1: Fly out, F9 (Flyball, 89D, EV 85.0 MPH)
Batting: RHB Gabe Secundino 0-0: Called Strike
0-1: Ball
1-1: Foul Ball, location: 2F
1-2: Strikes out swinging
Batting: RHB Rohit Gadhavi 0-0: Ball
1-0: Ball
2-0: Ball
3-0: Base on Balls
Pitching: RHP Carlos Cheas
Batting: RHB Kevin Steed 0-0: Called Strike
0-1: Called Strike
0-2: Foul Ball, location: 2F
0-2: Reached on error, E5 (Groundball, 25, EV 93.1 MPH)
Rohit Gadhavi to second
Batting: LHB Sean Banks 0-0: Called Strike
0-1: Foul Ball, location: 2F
0-2: Ball
1-2: Strikes out swinging
Top of the 5th over - 0 runs, 0 hits, 1 error, 2 left on base; University of Virginia 1 - University of Florida 2
BOTTOM OF THE 5TH
University of Florida Gators batting - Pitching for University of Virginia Cavaliers : LHP Maurice Otte
Batting: LHB Andy Buschlen 0-0: Ball
1-0: Ball
2-0: Ball
3-0: Called Strike
3-1: SINGLE (Flyball, 7LS, EV 96.3 MPH)
Batting: SHB Sun-wei Ng 0-0: Called Strike
0-1: Ball
1-1: Ball
2-1: Ball
3-1: Fly out, F7 (Flyball, 7D, EV 108.1 MPH)
Batting: RHB Jorge Lagunas 0-0: Ball
1-0: Ball
2-0: Ball
Andy Buschlen steals 2nd base
3-0: Called Strike
3-1: Foul Ball, location: 2F
3-2: SINGLE (Line Drive, 56, EV 100.0 MPH)
Andy Buschlen to third
Pitching: RHP Emanuel Andrade
Batting: LHB Tomas Espino 0-0: SINGLE (Groundball, 34D, EV 108.1 MPH)
Andy Buschlen scores
Jorge Lagunas to second
Runner from 2nd tries for 3rd, SAFE, throw by RF made to third
Batting: SHB Edgar Dominguez 0-0: Called Strike
0-1: Ball
1-1: Ball
2-1: Foul Ball, location: 2F
2-2: Ball
3-2: Base on Balls
Tomas Espino to second
Batting: RHB Alejandro Gomez 0-0: Ball
1-0: Ball
2-0: Called Strike
2-1: Swinging Strike
2-2: Foul Ball, location: 2F
2-2: Foul Ball, location: 2F
2-2: Strikes out swinging
Batting: RHB Eddie Luna 0-0: Ground out 4-3 (Groundball, 4, EV 85.0 MPH)
Bottom of the 5th over - 1 run, 3 hits, 0 errors, 3 left on base; University of Virginia 1 - University of Florida 3
TOP OF THE 6TH
University of Virginia Cavaliers batting - Pitching for University of Florida Gators : RHP Carlos Cheas
Batting: RHB Arnaud Derosiers 0-0: Called Strike
0-1: Ball
1-1: Ball
2-1: Ground out 5-3 (Groundball, 56S, EV 83.8 MPH)
Batting: RHB Adam Dudek 0-0: Called Strike
0-1: SOLO HOME RUN (Line Drive, 78XD, EV 103.1 MPH), Distance : 418 ft
Batting: SHB Eric Kelley 0-0: Ball
1-0: Called Strike
1-1: Ball
2-1: Swinging Strike
2-2: Ball
3-2: Foul Ball, location: 2F
3-2: Strikes out looking
Batting: RHB Matt Peddle 0-0: Ball
1-0: Fly out, F8 (Flyball, 8LS, EV 84.4 MPH)
Top of the 6th over - 1 run, 1 hit, 0 errors, 0 left on base; University of Virginia 2 - University of Florida 3
BOTTOM OF THE 6TH
University of Florida Gators batting - Pitching for University of Virginia Cavaliers : RHP Emanuel Andrade
Batting: LHB Carlos Palau 0-0: Swinging Strike
0-1: Swinging Strike
0-2: SOLO HOME RUN (Flyball, 89XD, EV 107.5 MPH), Distance : 431 ft
Batting: SHB Milt Andrews 0-0: Called Strike
0-1: Ground out U3 (Groundball, 3, EV 85.0 MPH)
Batting: LHB Andy Buschlen 0-0: Ball
1-0: Ball
2-0: Ball
3-0: Called Strike
3-1: Base on Balls
Pitching: LHP Mike Arias
Batting: SHB Sun-wei Ng 0-0: Swinging Strike
0-1: Ground out 6-3 (Groundball, 6M, EV 105.6 MPH)
Andy Buschlen to second
Batting: RHB Jorge Lagunas 0-0: Ball
1-0: Ground out 4-3 (Groundball, 4, EV 80.6 MPH)
Bottom of the 6th over - 1 run, 1 hit, 0 errors, 1 left on base; University of Virginia 2 - University of Florida 4
TOP OF THE 7TH
University of Virginia Cavaliers batting - Pitching for University of Florida Gators : RHP Carlos Cheas
Pitching: RHP Adam Dennis
Batting: RHB Matt Sobolewski 0-0: Foul Ball, location: 2F
0-1: Swinging Strike
0-2: Strikes out swinging
Batting: RHB Gabe Secundino 0-0: Swinging Strike
0-1: Swinging Strike
0-2: Strikes out looking
Batting: RHB Rohit Gadhavi 0-0: Called Strike
0-1: SINGLE (Groundball, 34D, EV 97.5 MPH)
Batting: RHB Kevin Steed 0-0: Ball
1-0: Foul Ball, location: 2F
1-1: Called Strike
1-2: Ball
2-2: Ball
3-2: Foul Ball, location: 2F
3-2: Ground out 4-3 (Groundball, 34, EV 101.9 MPH)
Top of the 7th over - 0 runs, 1 hit, 0 errors, 1 left on base; University of Virginia 2 - University of Florida 4
BOTTOM OF THE 7TH
University of Florida Gators batting - Pitching for University of Virginia Cavaliers : LHP Mike Arias
Batting: LHB Tomas Espino 0-0: Called Strike
0-1: Ball
1-1: Foul Ball, location: 2F
1-2: Ball
2-2: Foul Ball, location: 2F
2-2: Ground out 4-3 (Groundball, 4, EV 106.3 MPH)
Batting: SHB Edgar Dominguez 0-0: Called Strike
0-1: Foul Ball, location: 2F
0-2: Foul Ball, location: 2F
0-2: Ball
1-2: Fly out, F7 (Flyball, 7D, EV 102.5 MPH)
Batting: RHB Alejandro Gomez 0-0: Ball
1-0: Ball
2-0: Foul Ball, location: 2F
2-1: Foul Ball, location: 2F
2-2: Foul Ball, location: 2F
2-2: Foul Ball, location: 2F
2-2: Strikes out swinging
Bottom of the 7th over - 0 runs, 0 hits, 0 errors, 0 left on base; University of Virginia 2 - University of Florida 4
TOP OF THE 8TH
University of Virginia Cavaliers batting - Pitching for University of Florida Gators : RHP Adam Dennis
Batting: LHB Sean Banks 0-0: Ball
1-0: Ball
2-0: Ball
3-0: Called Strike
3-1: Ground out U3 (Groundball, 34, EV 97.5 MPH)
Pinch Hitting: LHB Rich Kuehne 0-0: Foul Ball, location: 2F
0-1: Foul Ball, location: 2F
0-2: Ball
1-2: SINGLE (Groundball, 5D, EV 98.1 MPH)
Batting: RHB Adam Dudek 0-0: SINGLE (Groundball, 4, EV 94.4 MPH)
Rich Kuehne to second
Runner from 2nd tries for 3rd, SAFE, throw by RF made to third
Batting: SHB Eric Kelley 0-0: Called Strike
0-1: SINGLE (Groundball, 56D, EV 98.8 MPH)
Rich Kuehne scores
Adam Dudek to second
Batting: RHB Matt Peddle 0-0: Foul Ball, location: 2F
0-1: DOUBLE (Line Drive, 9LM, EV 105.6 MPH)
Adam Dudek scores
Eric Kelley to third
Pinch Hitting: RHB Ricky Aguilar 0-0: Ball
1-0: Ball
2-0: Ball
3-0: Called Strike
3-1: Foul Ball, location: 2F
3-2: Foul Ball, location: 2F
3-2: Foul Ball, location: 2F
3-2: Base on Balls
Pitching: RHP Josh Loney
Batting: RHB Gabe Secundino 0-0: Ball
1-0: Ball
2-0: Ball
3-0: Called Strike
3-1: Called Strike
3-2: Fly out, F8 (Flyball, 8RM, EV 83.8 MPH)
Runner from 3rd tags up, SCORES, throw by CF
Pitching: RHP David Oviedo
Batting: RHB Rohit Gadhavi 0-0: Ball
1-0: Ball
2-0: Called Strike
2-1: Swinging Strike
2-2: Strikes out looking
Top of the 8th over - 3 runs, 4 hits, 0 errors, 2 left on base; University of Virginia 5 - University of Florida 4
BOTTOM OF THE 8TH
University of Florida Gators batting - Pitching for University of Virginia Cavaliers : LHP Mike Arias
Pitching: RHP Denzel McPherson
Now at 1B: William Gonzales
Now at 3B: Winston Buccat
Batting: RHB Eddie Luna 0-0: Ball
1-0: Called Strike
1-1: Ball
2-1: Called Strike
2-2: Ball
3-2: Foul Ball, location: 2F
3-2: SINGLE (Groundball, 56D, EV 96.9 MPH)
Batting: LHB Carlos Palau 0-0: Ball
1-0: Ball
2-0: Bunted foul
2-1: Bunt missed!
2-2: SINGLE (Groundball, 3, EV 102.5 MPH) (infield hit)
Eddie Luna to second
Pinch Hitting: RHB Seth Oliphant 0-0: Foul Ball, location: 2F
0-1: Foul Ball, location: 2F
0-2: Ball
1-2: DOUBLE (Line Drive, 89D, EV 108.1 MPH)
Eddie Luna scores
Carlos Palau to third
Pitching: LHP Mitchel Larson
Batting: LHB Andy Buschlen 0-0: Ball
1-0: SINGLE (Groundball, 4, EV 85.6 MPH) (infield hit)
Carlos Palau scores
Seth Oliphant to third
Batting: SHB Sun-wei Ng 0-0: Ball
1-0: Ball
2-0: Ball
3-0: Called Strike
3-1: Base on Balls
Andy Buschlen to second
Batting: RHB Jorge Lagunas 0-0: Called Strike
0-1: Ball
1-1: Called Strike
1-2: Strikes out looking
Batting: LHB Tomas Espino 0-0: Hit by Pitch
Seth Oliphant scores
Andy Buschlen to third
Sun-wei Ng to second
Pitching: RHP Steven Frost
Batting: SHB Edgar Dominguez 0-0: Called Strike
0-1: Fly out, F9 (Flyball, 89S, EV 86.3 MPH)
Runner from 3rd tags up, SCORES, throw by RF
Batting: RHB Alejandro Gomez 0-0: Fly out, F9 (Flyball, 9LD, EV 98.1 MPH)
Bottom of the 8th over - 4 runs, 4 hits, 0 errors, 2 left on base; University of Virginia 5 - University of Florida 8
TOP OF THE 9TH
University of Virginia Cavaliers batting - Pitching for University of Florida Gators : RHP David Oviedo
Pitching: RHP Brian Hunt
Now in CF: Tim Dower
Batting: RHB Kevin Steed 0-0: Ball
1-0: Foul Ball, location: 2F
1-1: Ball
2-1: Fly out, F8 (Flyball, 89XD, EV 93.1 MPH)
Batting: LHB Sean Banks 0-0: Ball
1-0: Foul Ball, location: 2F
1-1: Ball
2-1: Ground out U3 (Groundball, 34S, EV 67.5 MPH)
Batting: LHB William Gonzales 0-0: Ball
1-0: DOUBLE (Line Drive, 78M, EV 103.1 MPH)
Batting: RHB Adam Dudek 0-0: Ground out 4-3 (Groundball, 4, EV 108.1 MPH)
Top of the 9th over - 0 runs, 1 hit, 0 errors, 1 left on base; University of Virginia 5 - University of Florida 8
Thursday, March 31st , 2022 - OOTP Baseball 22.12 Build 89